 Dungeon Crawl Stone Soup version 0.23.2-1-ga50397a (webtiles) character file.

Game seed: 13483571068847960026

41 diana the Chopper (level 3, -2/31 HPs)
             Began as a Minotaur Gladiator on May 25, 2019.
             Killed from afar by Sigmund (5 damage)
             ... with a puff of flame
             ... on level 2 of the Dungeon.
             The game lasted 00:01:08 (914 turns).

diana the Chopper (Minotaur Gladiator)               Turns: 914, Time: 00:01:09

Health: -2/31      AC:  8    Str: 19    XL:     3   Next: 32%
Magic:  2/2        EV:  8    Int:  5    God:
Gold:   67         SH:  0    Dex: 11    Spells: 2/2 levels left

rFire    . . .     SeeInvis .   a - +0 war axe
rCold    . . .     Gourm    .   (no shield)
rNeg     . . .     Faith    .   j - +0 chain mail
rPois    .         Spirit   .   (helmet restricted)
rElec    .         Reflect  .   (no cloak)
rCorr    .         Harm     .   (no gloves)
MR       .....                  (no boots)
Stlth    ..........             (no amulet)
HPRegen  0.10/turn              (no ring)
MPRegen  0.08/turn              (no ring)

@: confused
A: retaliatory headbutt, horns 2
a: no special abilities


You were on level 2 of the Dungeon.
You were not hungry.

You visited 1 branch of the dungeon, and saw 2 of its levels.

You collected 67 gold pieces.

Inventory:

Hand Weapons
 a - a +0 war axe (weapon)
Missiles
 d - 3 throwing nets (quivered)
Armour
 b - a +0 leather armour
 c - a +0 hat
 j - a +0 chain mail (worn)
Scrolls
 l - a scroll of remove curse {unknown}
Potions
 e - 2 potions of curing {unknown}
 g - a potion of heal wounds {unknown}
 h - a potion of degeneration {unknown}
 i - a potion of ambrosia {unknown}
 k - a potion of brilliance {unknown}
Comestibles
 f - 2 rations


   Skills:
 + Level 3.0 Fighting
 + Level 4.0 Axes
 - Level 2.0 Throwing
 * Level 2.1 Armour
 + Level 3.6 Dodging


You had 2 spell levels left.
You didn't know any spells.
Your spell library was empty.

Dungeon Overview and Level Annotations

Branches:
Dungeon (2/15)

Altars:
Cheibriados
Dithmenos
Gozag
Hepliaklqana
Okawaru
Wu Jian
Xom
Zin
The Shining One

Annotations:
D:2 Sigmund


Innate Abilities, Weirdness & Mutations

You reflexively headbutt those who attack you in melee.
You have a pair of horns on your head.


Message History

Unknown command.
You hit something. You headbutt something. You hit the plant. x2
You barely miss the adder.
You hear some strange, mumbled words.
You are confused.
The adder bites you but does no damage.
Unknown command.
You completely miss something. You hit the plant but do no damage.
You hit the plant.
Your chain mail prevents you from hitting the adder.
The adder bites you.
* * * LOW HITPOINT WARNING * * *
You hear some strange, mumbled words.
Something tries to affect you, but you resist.
The adder bites you.
* * * LOW HITPOINT WARNING * * *
You hear some strange, mumbled words.
A puff of flame appears from out of thin air!
The puff of flame hits you.
You die...

.......### ###
###..#..<# #....# ##..
#.÷####.## #.>..# #..⌠
##.#####..######....###
#...
......................
##._
...###.#########....#
### .#####.# ####......#
.......####....P....#
.............P..@S..##.
.###########...)P{...w..
. #.P♣†♣.P.###.. .
#.≈≈.♣...# . #P≈≈≈♣...#
#♣≈♣≈≈...# ..≈≈≈♣.P#
#..♣≈≈≈≈.# #...≈≈...#


You could see a worm and an adder.

Vanquished Creatures
  A worm (D:2)
  A leopard gecko (D:2)
  2 ball pythons
  A giant cockroach (D:2)
  5 goblins
  5 hobgoblins
  3 quokkas (D:2)
  5 bats
  2 frilled lizards
  4 kobolds (D:2)
  4 rats
33 creatures vanquished.

Notes
Turn   | Place    | Note
-------+----------+-------------------------------------------
     0 | D:1      | diana the Minotaur Gladiator began the quest for the Orb.
     0 | D:1      | Reached XP level 1. HP: 18/18 MP: 0/0
    86 | D:1      | Reached skill level 1 in Armour
    90 | D:1      | Reached XP level 2. HP: 21/25 MP: 1/1
   274 | D:1      | Found a shimmering altar of Xom.
   276 | D:1      | Found a hazy altar of Hepliaklqana.
   276 | D:1      | Found a glowing silver altar of Zin.
   278 | D:1      | Found a glowing golden altar of the Shining One.
   278 | D:1      | Found a glowing silver altar of Zin.
   278 | D:1      | Found a hazy altar of Hepliaklqana.
   681 | D:2      | Reached skill level 4 in Axes
   681 | D:2      | Reached XP level 3. HP: 29/30 MP: 2/2
   748 | D:2      | Found a snail-covered altar of Cheibriados.
   748 | D:2      | Found an opulent altar of Gozag.
   820 | D:2      | Found an ornate altar of the Wu Jian Council.
   820 | D:2      | Found a shadowy altar of Dithmenos.
   821 | D:2      | Found an iron altar of Okawaru.
   899 | D:2      | Noticed Sigmund
   914 | D:2      | Killed from afar by Sigmund

Skill      XL: |  1  2  3 |
---------------+----------+-----
Armour         | 1 2 |  2.1
Axes           | 4 |  4.0
Fighting       | 3 |  3.0
Throwing       | |  2.0
Dodging        | |  3.6

Action                   || total
-------------------------++-------
Melee: War axe           ||    57
       Headbutt          ||     8
Armor: Leather armour    ||     9
       Chain mail        ||    14
Dodge: Dodged            ||    47
